 Dungeon Sprint DCSS version 0.30.1-9-gdf580d7c3d (webtiles) character file.

Game seed: 11890080246300290928

6678 Heoruswealwe the Phalangite (level 10, -3/107 HPs)
             Began as a Minotaur Fighter on Sept 25, 2023.
             Was an Initiate of Gozag.
             Slain by a tyrant leech (24 damage)
             ... in the Dungeon (Sprint IX: "|||||||||||||||||||||||||||||").
             The game lasted 00:06:12 (1106 turns).

Heoruswealwe the Phalangite (Minotaur Fighter)      Turns: 1106, Time: 00:06:13

Health: -3/107     AC: 21    Str: 25    XL:     10   Next: 73%
Magic:  9/9        EV: 10    Int:  5    God:    Gozag
Gold:   2695       SH:  0    Dex: 10    Spells: 9/9 levels left

rFire   . . .        b - +2 halberd (protect)
rCold   . . .        (shield currently unavailable)
rNeg    . . .        c - +1 scale mail
rPois   .            (helmet restricted)
rElec   .            (no cloak)
rCorr   .            f - +0 pair of gloves
SInv    .            e - +0 pair of boots
Will    .....        (no amulet) Stlth
                     (no ring)
HPRegen 0.37/turn    (no ring)
MPRegen 0.11/turn

%: no teleportation
@: under a protective aura
A: horns 2, retaliatory headbutt
a: Renounce Religion, Potion Petition, Call Merchant, Bribe Branch


You were in the Dungeon.
You worshipped Gozag.
Gozag was most pleased with you.
You visited 1 branch You collected 2695 gold pieces.

Inventory:

Hand Weapons
 a - a +0 trident
 b - a +2 halberd of protection (weapon)
Armour
 c - a +1 scale mail (worn)
 d - a +0 buckler
 e - a +0 pair of boots (worn)
 f - a +0 pair of gloves (worn)
Wands
 k - a wand of light (10)
Scrolls
 j - 3 scrolls of blinking
 p - a scroll of identify
 q - 2 scrolls of enchant armour
Potions
 g - a potion of haste
 h - a potion of invisibility
 i - a potion of berserk rage
 l - 3 potions of might
 m - 2 potions of curing
 o - a potion of resistance


   Skills:
 + Level 15.8 Fighting
 * Level 21.3 Polearms
 + Level 15.8 Armour
 - Level 3.6 Shields


You had 9 spell levels left.
You didn't know any spells.
Your spell library was empty.

Dungeon Overview and Level Annotations

Branches:
Dungeon (1/1)

Altars:
Cheibriados
Dithmenos
Elyvilon
Fedhas
Gozag
Hepliaklqana
Kikubaaqudgha
Makhleb
Nemelex Xobeh
Okawaru
Qazlal
Ru
Sif Muna
Trog
Uskayaw
Vehumet
Wu Jian
Xom
Yredelemnul
Zin
The Shining One
Jiyva
Lugonu


Innate Abilities, Weirdness & Mutations

You have a pair of horns on your head.
You reflexively headbutt those who attack you in melee.


Message History

The tyrant leech is moderately wounded.
You impale the tyrant leech!!
The tyrant leech is almost dead.
You barely miss the tyrant leech. Your headbutt misses the tyrant leech.
The tyrant leech is almost dead.
The tyrant leech bites you!!
* * * LOW HITPOINT WARNING * * *
The tyrant leech draws strength from your injuries!
You closely miss the tyrant leech. Your headbutt misses the tyrant leech.
The tyrant leech is severely wounded.
You feel much better. The tyrant leech closely misses you.
You furiously retaliate!
You headbutt the tyrant leech. You hit the tyrant leech.
The tyrant leech is severely wounded.
The tyrant leech misses you.
You hit the tyrant leech but do no damage.
Your headbutt misses the tyrant leech.
The tyrant leech is severely wounded.
You closely miss the tyrant leech.
The tyrant leech is severely wounded.
The tyrant leech bites you!
* * * LOW HITPOINT WARNING * * *
The tyrant leech draws strength from your injuries!
You hit the tyrant leech.
The tyrant leech is severely wounded.
You miss the tyrant leech.
The tyrant leech is severely wounded.
The tyrant leech bites you but does no damage.
You miss the tyrant leech.
The tyrant leech is severely wounded.
You puncture the tyrant leech!
The tyrant leech is severely wounded.
The tyrant leech bites you!
* * * LOW HITPOINT WARNING * * *
The tyrant leech draws strength from your injuries!
You barely miss the tyrant leech.
The tyrant leech is heavily wounded.
You feel better. The tyrant leech bites you!!
You die...
Your body crumbles into a pile of gold.

▓_▓.▓.▓
$
▓_▓.▓.▓
$
▓_▓.▓.▓
$
▓_▓.▓.▓
$
▓_▓.▓.▓
$
▓_▓.▓$▓
$
▓_▓.▓.▓
▓'▓.▓$▓
$
▓!▓.▓@▓
$
▓?▓.▓w▓
$
▓)▓.▓.▓
$
▓[▓.▓.▓
$
▓.▓.▓.▓
▓.▓.▓.▓
$
▓.▓.▓.▓
▓=▓.▓.▓
$ ▓=▓.▓


You could see a tyrant leech.

Vanquished Creatures
  A skeletal warrior (D)
  2 black mambas (D)
  3 cane toads (D)
  2 komodo dragons (D)
  A tengu conjurer (D)
  4 trolls (D)
  3 blink frogs (D)
  2 slime creatures (D)
  2 wyverns (D)
  3 yaks (D)
  2 vampire mosquitoes (D)
  3 water moccasins (D)
  A black bear (D)
  A wolf (D)
  An ogre (D)
  A kobold brigand (D)
  5 bullfrogs (D)
  A scorpion (D)
  A hound (D)
  An orc wizard (D)
  A hell rat (D)
  A dart slug (D)
  An orc (D)
  A ball python (D)
  A bat (D)
  A goblin (D)
  A quokka (D)
47 creatures vanquished.

Notes
Turn   | Place    | Note
-------+----------+-------------------------------------------
     0 | D        | Heoruswealwe the Minotaur Fighter began the quest for the
                  | Orb.
     0 | D        | Reached XP level 1. HP: 19/19 MP: 0/0
     7 | D        | Reached skill level 3 in Polearms
    15 | D        | Reached skill level 4 in Polearms
    17 | D        | Reached XP level 2. HP: 28/28 MP: 1/1
    24 | D        | Noticed a black bear
    24 | D        | Noticed an ogre
    24 | D        | Noticed a scorpion
    31 | D        | Reached skill level 5 in Fighting
    31 | D        | Reached skill level 5 in Polearms
    31 | D        | Reached skill level 5 in Armour
    31 | D        | Reached XP level 3. HP: 29/36 MP: 2/2
    36 | D        | Killed a black bear
    37 | D        | Reached skill level 8 in Polearms
    37 | D        | Reached XP level 4. HP: 27/45 MP: 3/3
    40 | D        | Killed an ogre
    41 | D        | Reached skill level 10 in Polearms
    41 | D        | Reached XP level 5. HP: 30/53 MP: 4/4
    44 | D        | Reached XP level 6. HP: 36/62 MP: 5/5
    52 | D        | Found a snail-covered altar of Cheibriados.
    52 | D        | Found a shadowy altar of Dithmenos.
    52 | D        | Found a white marble altar of Elyvilon.
    52 | D        | Found a blossoming altar of Fedhas.
    52 | D        | Found an opulent altar of Gozag.
    53 | D        | Found a hazy altar of Hepliaklqana.
    54 | D        | Found a viscous altar of Jiyva.
    55 | D        | Found an ancient bone altar of Kikubaaqudgha.
    56 | D        | Found a corrupted altar of Lugonu.
    57 | D        | Found a burning altar of Makhleb.
    58 | D        | Found a sparkling altar of Nemelex Xobeh.
    59 | D        | Found an iron altar of Okawaru.
    60 | D        | Became a worshipper of Gozag Ym Sagoz the Greedy
    61 | D        | Found a stormy altar of Qazlal.
    62 | D        | Found a sacrificial altar of Ru.
    63 | D        | Found a shimmering blue altar of Sif Muna.
    64 | D        | Found a bloodstained altar of Trog.
    65 | D        | Found a hide-covered altar of Uskayaw.
    66 | D        | Found a radiant altar of Vehumet.
    67 | D        | Found an ornate altar of the Wu Jian Council.
    68 | D        | Found a shimmering altar of Xom.
    69 | D        | Found a basalt altar of Yredelemnul.
    70 | D        | Found a glowing silver altar of Zin.
    71 | D        | Found a glowing golden altar of the Shining One.
   135 | D        | Noticed a vampire mosquito
   135 | D        | Noticed a troll
   135 | D        | Noticed a yak
   135 | D        | Noticed a troll
   140 | D        | Killed a vampire mosquito
   141 | D        | Reached skill level 12 in Polearms
   150 | D        | Killed a troll
   151 | D        | Reached skill level 10 in Fighting
   151 | D        | Reached skill level 13 in Polearms
   151 | D        | Reached skill level 10 in Armour
   151 | D        | Reached XP level 7. HP: 31/72 MP: 6/6
   162 | D        | Killed a yak
   163 | D        | Reached skill level 14 in Polearms
   170 | D        | Killed a troll
   171 | D        | Reached XP level 8. HP: 26/82 MP: 7/7
   343 | D        | Noticed a troll
   343 | D        | Noticed a troll
   343 | D        | Noticed a tengu conjurer
   343 | D        | Noticed a slime creature
   343 | D        | Noticed a skeletal warrior
   343 | D        | Noticed a slime creature
   347 | D        | Killed a troll
   348 | D        | Reached skill level 15 in Polearms
   352 | D        | Killed a troll
   353 | D        | Reached skill level 16 in Polearms
   362 | D        | Killed a tengu conjurer
   366 | D        | Killed a slime creature
   380 | D        | Killed a skeletal warrior
   381 | D        | Reached skill level 17 in Polearms
   381 | D        | Reached XP level 9. HP: 19/93 MP: 8/8
   384 | D        | Reached skill level 18 in Polearms
   712 | D        | Noticed a komodo dragon
   712 | D        | Noticed a komodo dragon
   726 | D        | Killed a komodo dragon
   739 | D        | Killed a komodo dragon
   747 | D        | Reached skill level 19 in Polearms
   751 | D        | Reached XP level 10. HP: 82/104 MP: 9/9
   818 | D        | Noticed a black mamba
   821 | D        | Noticed a cane toad
   823 | D        | Noticed a black mamba
   826 | D        | Killed a black mamba
   841 | D        | Reached skill level 20 in Polearms
   847 | D        | Reached skill level 15 in Fighting
   847 | D        | Reached skill level 15 in Armour
   853 | D        | Killed a cane toad
   866 | D        | Killed a black mamba
  1060 | D        | Noticed a cane toad
  1060 | D        | Noticed a cane toad
  1067 | D        | Killed a cane toad
  1076 | D        | Killed a cane toad
  1077 | D        | Reached skill level 21 in Polearms
  1095 | D        | HP: 4/107 [tyrant leech (24)]
  1106 | D        | Slain by a tyrant leech

Illustrated notes

Levels and vault maps discovered:
D:        linesprint [early_d, line_temple, items_1, d_10, items_2, lair_1,
          lair_end, items_3, orc_1, orc_end, items_4, d_15, swamp_1, shoals_1,
          snake_1, spider_1, d_20, vaults_1, items_5, swamp_end, shoals_end,
          snake_end, spider_end, vaults_end, d_27, items_6, zot_1, zot_end,
          crypt_end, forest_end, elf_end, slime_end, tomb_end, abyss_end,
          pan_hell_end]

Skill      XL: |  1  2  3  4  5  6  7  8  9 10 |
---------------+-------------------------------+-----
Polearms       | 4 5 8 10 13 14 17 19 21 | 21.3
Fighting       | 4 5 6 7 8 10 11 13 14 15 | 15.8
Armour         | 4 5 6 7 8 10 11 13 14 15 | 15.8
Shields        | |  3.6

Action                     |  1- 3 |  4- 6 |  7- 9 | 10-12 || total
---------------------------+-------+-------+-------+-------++-------
  Melee: Trident           |    23 |     9 |       |       ||    32
         Headbutt          |     5 |     2 |    12 |    19 ||    38
         Halberd           |       |    14 |    97 |    81 ||   192
    Use: Potion            |       |     1 |     3 |     5 ||     9
   Stab: Distracted        |       |       |       |     1 ||     1
 Armour: Scale mail        |    17 |    11 |    40 |    30 ||    98
  Dodge: Dodged            |     6 |     9 |    27 |    23 ||    65
  Block: Buckler           |     4 |     2 |       |       ||     6
